 Dungeon Crawl Stone Soup version 0.16-a0-764-g7febf84 (webtiles) character file.

3657 MackTheKnife the Hoplite (level 10, -4/72 HPs)
             Began as a Halfling Fighter on Sept 24, 2014.
             Was a Follower of Okawaru.
             Slain by a troll (9 damage)
             ... on Level 9 of the Dungeon.
             The game lasted 00:15:36 (8445 turns).

MackTheKnife the Hoplite (Halfling Fighter)         Turns: 8445, Time: 00:15:37

HP  -4/72        AC  9     Str 16      XL: 10   Next: 34%
MP  10/10        EV 13     Int 12      God: Okawaru [*.....]
Gold 517         SH 14     Dex 23      Spells:  0 memorised,  9 levels left

rFire  . . .     SeeInvis .     z - +3 flail
rCold  . . .     Clarity  +     b - +0 scale mail
rNeg   . . .     rCorr    .     x - +2 shield
rPois  .         rRot     .     (no helmet)
rElec  .         Spirit   .     e - +1 cloak
SustAb .         Warding  .     (no gloves)
rMut   .         Stasis   .     (no boots)
Gourm  .                        n - cursed amulet of clarity
MR     .....                    D - ring of teleport control
                                q - +5 ring of intelligence

@: agile, not resistant to hostile enchantments, very unstealthy
A: mutation resistance 1
a: Heroism, Renounce Religion, Evoke Teleport Control


You were on level 9 of the Dungeon.
You worshipped Okawaru.
Okawaru was aware of your devotion.
You were hungry.

You visited 1 branch of the dungeon, and saw 9 of its levels.

You collected 517 gold pieces.


Innate Abilities, Weirdness & Mutations

You are small and have problems with some larger weapons.
You are somewhat resistant to further mutation.


   Skills:
 + Level 8.0 Fighting
 - Level 8.0 Maces & Flails
 - Level 3.2 Armour
 - Level 8.3 Shields


You had 9 spell levels left.
You didn't know any spells.

Inventory:

Hand weapons
 z - a +3 flail (weapon)
Missiles
 s - 7 tomahawks (quivered)
Armour
 b - a +0 scale mail (worn)
 e - a +1 cloak (worn)
 x - a +2 shield (worn)
Magical devices
 m - a wand of enslavement (11)
 A - a wand of lightning (9)
Comestibles
 d - 5 bread rations
 f - a meat ration
 i - a royal jelly
 k - 6 fruits
 l - 3 rotting chunks of orc flesh {@*1}
 B - 8 beef jerkies
Scrolls
 a - a scroll of magic mapping
 j - 6 scrolls of teleportation
 y - 2 scrolls of blinking
 H - a scroll of recharging
Jewellery
 n - a cursed amulet of clarity (around neck)
 q - a +5 ring of intelligence (left hand)
 t - an uncursed amulet of stasis
 D - a ring of teleport control (right hand)
Potions
 c - a potion of magic {unknown}
 g - a potion of restore abilities {unknown}
 h - a potion of agility
 p - a potion of mutation {unknown}
 r - a potion of heal wounds {unknown}
 u - a potion of might
 v - a potion of haste {unknown}
 C - a potion of resistance {unknown}
 E - a potion of cure mutation {unknown}
Books
 w - a book of Wizardry

   Spells                             Type                      Level
   Agony                              Necromancy                   5
   Force Lance                        Conjuration                  5
   Dispersal                          Translocation                6
   Haste                              Charms                       6
   Invisibility                       Hexes                        6
   Spellforged Servitor               Conjuration/Summoning        7
 F - a book of Burglary

   Spells                             Type                      Level
   Swiftness                          Charms/Air                   2
   Passwall                           Transmutation/Earth          3
   Passage of Golubria                Translocation                4
   Lee's Rapid Deconstruction         Earth                        5
   Invisibility                       Hexes                        6
   Darkness                           Hexes                        7
 G - a book of the Sky

   Spells                             Type                      Level
   Flight                             Charms/Air                   3
   Airstrike                          Air                          4
   Silence                            Hexes/Air                    5
   Deflect Missiles                   Charms/Air                   6
   Conjure Ball Lightning             Conjuration/Air              6
   Tornado                            Air                          9

▒·····▒▒··········
▒·▒▒▒·▒··▒·▒▒▒▒·· ▒·▒
▒···▒▒·▒ ▒·▒▒▒▒··▒▒·▒
▒·▒▒····▒▒·▒
▒·▒▒·▒·▒▒▒·▒
▒▒▒▒····▒·····▒
▒·······▒·····▒▒▒▒▒·▒
▒·······▒▒···(▒·pTS·▒
▒·······▒▒······▒▒··▒
▒·······▒·····)▒▒
···J
▒·····)·▒▒·······)·
··▒▒
▒·······▒▒····▒▒▒···
··▒ ▒···<···▒▒····▒
··· · ▒·······▒▒····▒
▒ ▒▒▒▒▒▒▒▒▒······
▒·▒▒▒·▒▒


You could see a slime creature (wandering), a troll and a water moccasin.


Message History

You block the troll's attack. x2
The troll closely misses you.
You hit the troll but do no damage. The troll bites you!
You block the troll's attack. The troll claws you.
You block the troll's attack. The troll claws you but does no damage.
The troll claws you.
You completely miss the troll. The troll barely misses you.
The troll claws you. The troll claws you!
A water moccasin comes into view.
You closely miss the troll.
The water moccasin hisses angrily.
You block the troll's attack. The troll claws you.
* * * LOW HITPOINT WARNING * * *
The troll claws you!
* * * LOW HITPOINT WARNING * * *
Drink which item? (? for menu, Esc to quit)
You feel agile all of a sudden. The troll misses you. The troll claws you!
* * * LOW HITPOINT WARNING * * *
You block the troll's attack.
Use which ability? (? or * to list)
You fail to use your ability.
You block the troll's attack. x2
The troll closely misses you.
You hit the troll.
The troll is lightly wounded.
The troll bites you!
* * * LOW HITPOINT WARNING * * *
You block the troll's attack. The troll claws you!
You die...

Action                   |  1- 3 |  4- 6 |  7- 9 | 10-12 || total
-------------------------+-------+-------+-------+-------++-------
Melee: Flail             |    75 |   131 |   467 |   193 ||   866
Throw: Tomahawk          |       |       |    13 |       ||    13
Invok: Heroism           |       |       |     7 |       ||     7
Evoke: Wand              |       |     1 |     3 |       ||     4
  Use: Scroll            |       |     7 |     8 |     1 ||    16
       Potion            |       |     1 |     5 |     1 ||     7
  Eat: Chunk             |       |     1 |     8 |     3 ||    12
       Bread ration      |       |     1 |     2 |       ||     3

Vault maps used:
D:1:      matt_arrival_los_fun, serial_forest, infiniplex_forest_clump_medium,
          infiniplex_forest_clump_diagonal, infiniplex_forest_clump_double,
          infiniplex_forest_straight_4, infiniplex_forest_fountain,
          infiniplex_forest_clump_long, ashenzari_altar_1
D:2:      lemuel_round_altar, kennysheep_generic_room_16, uniq_iyjb
D:3:      grunt_temple_overflow_cloverleaf, xom_redecorated, first_bread,
          uniq_crazy_yiuf_cottage, uniq_sigmund, uniq_natasha
D:4:      nicolae_dithmenos_shadow_blocks
D:5:      minmay_temple_entry_purple_smoke, serial_shops, shop,
          hangedman_jelly_panic
D:6:      solitary_fountain
D:7:      old_standard_altar, nemelex_deck
D:8:      lemuel_coloured_pillars_altar, lemuel_round_altar, grunt_ogre_cave,
          kennysheep_generic_room_8, uniq_erolcha, uniq_grum
D:9:      kennysheep_little_box, minivault_28, uniq_eustachio

Notes
Turn   | Place    | Note
--------------------------------------------------------------
     0 | D:1      | MackTheKnife, the Halfling Fighter, began the quest for the Orb.
     0 | D:1      | Reached XP level 1. HP: 15/15 MP: 1/1
   252 | D:1      | Found a shattered altar of Ashenzari.
   299 | D:1      | Reached skill level 2 in Maces & Flails
   318 | D:1      | Reached XP level 2. HP: 18/20 MP: 2/2
   693 | D:2      | Reached XP level 3. HP: 21/25 MP: 3/3
   770 | D:2      | Reached skill level 3 in Maces & Flails
   954 | D:2      | Reached XP level 4. HP: 30/30 MP: 4/4
  1024 | D:2      | Noticed Ijyb
  1042 | D:2      | Killed Ijyb
  1048 | D:2      | Found an iron altar of Okawaru.
  1090 | D:2      | Became a worshipper of Warmaster Okawaru
  1505 | D:3      | Noticed Natasha
  1509 | D:3      | Killed Natasha
  1509 | D:3      | Reached skill level 4 in Maces & Flails
  1509 | D:3      | Reached XP level 5. HP: 35/35 MP: 5/5
  1583 | D:3      | Found a blossoming altar of Fedhas.
  1632 | D:3      | Found a shattered altar of Ashenzari.
  1635 | D:3      | Found a burning altar of Makhleb.
  1638 | D:3      | Found a glowing golden altar of the Shining One.
  1692 | D:3      | Noticed Crazy Yiuf
  1697 | D:3      | Killed Crazy Yiuf
  1759 | D:3      | Noticed Natasha
  1765 | D:3      | Killed Natasha
  1789 | D:3      | Found a shimmering altar of Xom.
  1790 | D:3      | Found a shimmering altar of Xom.
  1792 | D:3      | Found a shimmering altar of Xom.
  1794 | D:3      | Found a shimmering altar of Xom.
  1822 | D:3      | Noticed Sigmund
  1837 | D:3      | Killed Sigmund
  1837 | D:3      | Reached XP level 6. HP: 41/41 MP: 6/6
  1905 | D:3      | Reached skill level 5 in Maces & Flails
  2229 | D:3      | Noticed Natasha
  2234 | D:3      | Killed Natasha
  2679 | D:4      | Found a shadowy altar of Dithmenos.
  2822 | D:4      | Reached XP level 7. HP: 45/45 MP: 7/7
  2844 | D:4      | Acquired Okawaru's first power
  2844 | D:4      | Reached skill level 6 in Maces & Flails
  3493 | D:5      | Entered Level 5 of the Dungeon
  3510 | D:5      | Found a staircase to the Ecumenical Temple.
  3730 | D:5      | Reached skill level 7 in Maces & Flails
  3737 | D:5      | Reached XP level 8. HP: 39/51 MP: 5/8
  3828 | D:5      | Found Smuosus' Food Emporium.
  4976 | D:6      | Reached skill level 8 in Maces & Flails
  4994 | D:6      | Reached skill level 3 in Fighting
  4997 | D:6      | Reached skill level 4 in Shields
  5405 | D:6      | Reached XP level 9. HP: 36/58 MP: 6/9
  5600 | D:7      | Reached skill level 4 in Fighting
  5600 | D:7      | Reached skill level 5 in Shields
  6100 | D:7      | Found a sacrificial altar of Ru.
  6113 | D:7      | Found a sparkling altar of Nemelex Xobeh.
  6151 | D:7      | Reached skill level 6 in Shields
  6422 | D:8      | Reached skill level 5 in Fighting
  6664 | D:8      | Noticed Grum
  6702 | D:7      | Reached skill level 7 in Shields
  6949 | D:8      | Killed Grum
  6949 | D:8      | Reached skill level 6 in Fighting
  7375 | D:8      | Noticed Erolcha
  7385 | D:8      | Killed Erolcha
  7385 | D:8      | Reached skill level 8 in Shields
  7385 | D:8      | Reached XP level 10. HP: 59/69 MP: 7/10
  7436 | D:8      | Reached skill level 7 in Fighting
  7787 | D:8      | Found a snail-covered altar of Cheibriados.
  8112 | D:8      | Found a deep blue altar of Sif Muna.
  8365 | D:9      | Reached skill level 8 in Fighting
  8382 | D:9      | Found a white marble altar of Elyvilon.
  8445 | D:9      | HP: 5/72 [troll (16)]
  8445 | D:9      | Slain by a troll

Vanquished Creatures
  A hippogriff (D:8)
  Grum (D:8)
  A hungry ghost (D:7)
  3 wolves
  A black bear (D:5)
  2 phantoms
  A yellow wasp (D:7)
  An ice beast (D:6)
  3 ogres
  A centaur (D:6)
  A manticore skeleton (D:8)
  Sigmund (D:3)
  4 giant frogs
  3 scorpions
  A yak zombie (D:8)
  3 wights (D:7)
  A killer bee (D:8)
  2 jellies
  2 crimson imps (D:8)
  3 hounds
  Crazy Yiuf (D:3)
  4 orc priests
  2 orc wizards (D:6)
  6 worker ants
  Natasha (thrice) (D:3)
  Ijyb (D:2)
  A mummy (D:8)
  A hound skeleton (D:4)
  9 adders
  4 gnolls (D:5)
  2 shadow imps
  3 worms
  2 adder zombies
  An adder skeleton (D:5)
  8 giant geckos
  2 oozes (D:5)
  9 orcs
  A bat zombie (D:8)
  4 giant cockroaches
  8 goblins
  13 hobgoblins
  9 jackals
  4 quokkas
  A ball python (D:2)
  12 bats
  A giant spore (D:8)
  A goblin zombie (D:5)
  A hobgoblin skeleton (D:6)
  8 kobolds
  A kobold skeleton (D:7)
  12 rats
  2 rat skeletons
  24 ballistomycetes (D:8)
197 creatures vanquished.

Vanquished Creatures (others)
  Erolcha (D:8)
  A scorpion (D:8)
  3 giant spores (D:8)
5 creatures vanquished.

Grand Total: 202 creatures vanquished
